 Dungeon Crawl Stone Soup version 0.29-a0-418-gc0181ea820 (webtiles) character file.

Game seed: 12769468971408351715

221 xian the Stinger (level 5, -9/28 HPs)
             Began as a Deep Elf Venom Mage on May 18, 2022.
             Mangled by a hornet (17 damage)
             ... on level 4 of the Dungeon.
             The game lasted 00:12:03 (4238 turns).

xian the Stinger (Deep Elf Venom Mage)              Turns: 4238, Time: 00:12:03

Health: -9/28      AC:  2    Str:  4 (5)  XL:     5   Next: 65%
Magic:  13/14      EV: 10    Int: 21 (22) God:
Gold:   229        SH:  6    Dex: 12 (15) Spells: 10/13 levels left

rFire   x . .      SeeInvis .   i - +2 short sword (drain)
rCold   + . .      Faith    .   q - +0 kite shield
rNeg    . . .      Spirit   .   a - +0 robe
rPois   +          Reflect  .   (no helmet)
rElec   .          Harm     .   (no cloak)
rCorr   .          Rampage  .   (no gloves)
Will    .....                   (no boots)
Stlth   ++........              (no amulet)
HPRegen 0.09/turn               j - ring of ice
MPRegen 0.14/turn               l - ring of poison resistance

@: no status effects
A: no striking features
a: no special abilities


You were on level 4 of the Dungeon.
You visited 1 branch of the dungeon, and saw 4 of its levels.

You collected 229 gold pieces.

Inventory:

Hand Weapons
 i - a +2 short sword of draining (weapon)
Armour
 a - a +0 robe (worn)
 q - a +0 kite shield (worn)
Jewellery
 j - a ring of ice (left hand)
 l - a ring of poison resistance (right hand)
Scrolls
 c - 2 scrolls of fear {unknown}
 d - 2 scrolls of teleportation
 f - a scroll of blinking {unknown}
 g - 3 scrolls of identify
 h - a scroll of immolation {unknown}
 o - a scroll of noise {unknown}
 p - a scroll of brand weapon {unknown}
 r - a scroll of acquirement {unknown}
 s - a scroll of enchant weapon {unknown}
 t - a scroll of poison {unknown}
 u - a scroll of enchant armour {unknown}
Potions
 b - 2 potions of magic
 e - 2 potions of brilliance
 n - a potion of degeneration


   Skills:
 + Level 0.1 Fighting
 + Level 2.7 Dodging
 + Level 2.7 Stealth
 + Level 4.8 Spellcasting
 + Level 2.5 Transmutations
 + Level 5.4 Poison Magic


You had 10 spell levels left.
You knew the following spells:

 Your Spells              Type           Power      Damage    Failure   Level
a - Sting                 Tmut/Pois      84%        1d7       8%          1
b - Poisonous Vapours     Pois/Air       32%        N/A       21%         2

Your spell library contained the following spells:

 Spells                   Type           Power      Damage    Failure   Level
 Olgreb's Toxic Radiance  Pois           28%        N/A       38%         4
 Mephitic Cloud           Conj/Pois/Air  12%        N/A       50%         3
 Corpse Rot               Necr/Air       10%        N/A       52%         2
 Blade Hands              Tmut           7%         N/A       98%         5
 Dispel Undead            Necr           5%         3d7       99%         4
 Irradiate                Conj/Tmut      5%         3d15      100%        5
 Death Channel            Necr           2%         N/A       100%        6
 Dragon Form              Tmut           7%         N/A       100%        7


Dungeon Overview and Level Annotations

Branches:
Dungeon (4/15)
 Temple: D:4-7

Altars:
Hepliaklqana

Shops:
D:3 (


Message History

Aim: an orc wizard, wielding a +0 dagger and wearing a +0 robe Poisonous vapours surround the orc wizard!
The orc wizard is poisoned.
The orc wizard points at you and mumbles some strange words.
You are confused.
You hear a shout!
An orc wizard comes into view. It is wielding a +0 dagger.
The orc wizard moves out of view.
An orc comes into view. It is wielding a +0 flail.
The orc wizard points at you and mumbles some strange words.
You are more confused.
You bump into the rock wall.
A hornet comes into view.
The orc wizard hits you with a +0 dagger.
You bump into the rock wall.
The orc wizard looks more healthy.
You are too confused!
It was a potion of brilliance.
You feel clever all of a sudden. The hornet barely misses you.
The orc wizard hits you with a +0 dagger.
It was a potion of degeneration.
There was something very wrong with that liquid.
You feel weakened.
You feel dopey.
You feel clumsy. The hornet stings you! The orc wizard closely misses you.
Unknown command.
It was a potion of heal wounds.
You feel much better. The hornet stings you! x2
The orc wizard hits you with a +0 dagger.
* * * LOW HITPOINT WARNING * * *
It was a potion of cancellation.
Your magical effects are unravelling.
You feel magically purged.
You feel less confused.
You feel a little less clever now. The hornet barely misses you.
The orc misses you. The orc wizard barely misses you.
As you read the scroll labelled GEUNKOMMID, it crumbles to dust.
It is a scroll of identify.
d - 2 scrolls of teleportation You block the hornet's attack.
The hornet stings you!
Ouch! That really hurt!
You die...

### #.# #.# #.# #.# #
#############.####.#####
#............ooooo......
##########.#####@####..####
#.# #.##.# #y# ..# #.#
#.##.## #.# o#
#.#####.....# #.# #
......#.##..# #.#
............# #..
#..#..#.###.# #.# #...[.#.#
#.# #.# #.....#.# #.#


You could see a hornet, 2 orc wizards and 3 orcs.

Vanquished Creatures
  A scorpion (D:4)
  2 orc priests (D:3)
  An adder (D:2)
  A worm (D:2)
  3 dart slugs
  3 orcs (D:3)
  7 endoplasms
  6 giant cockroaches
  6 goblins
  8 hobgoblins
  2 jackals (D:1)
  9 kobolds
  3 quokkas
  9 ball pythons
  4 bats
  5 frilled lizards
  11 rats
81 creatures vanquished.

Notes
Turn   | Place    | Note
-------+----------+-------------------------------------------
     0 | D:1      | xian the Deep Elf Venom Mage began the quest for the Orb.
     0 | D:1      | Reached XP level 1. HP: 10/10 MP: 6/6
   190 | D:1      | Reached XP level 2. HP: 15/15 MP: 4/8
   473 | D:1      | Found a faded altar of an unknown god.
   663 | D:1      | Reached skill level 4 in Poison Magic
   796 | D:1      | Reached XP level 3. HP: 17/19 MP: 6/10
  1782 | D:2      | Learned a level 2 spell: Poisonous Vapours
  1951 | D:2      | Reached XP level 4. HP: 24/24 MP: 9/11
  2924 | D:3      | Found a hazy altar of Hepliaklqana.
  3641 | D:3      | Found Diocet's Antique Weapon Emporium.
  3878 | D:3      | Reached skill level 5 in Poison Magic
  3878 | D:3      | Reached XP level 5. HP: 28/28 MP: 5/13
  4231 | D:4      | Noticed a hornet
  4238 | D:4      | Mangled by a hornet

Illustrated notes

Levels and vault maps discovered:
D:1:      dpeg_arrival_prison, layout_loops_ring,
          hellmonk_ecumenical_altar_arch_garden, minmay_misc_feat_cross,
          minmay_box_of_dots
D:2:      layout_loops_corners
D:3:      layout_basic, mainiacjoe_overflow_small_starburst, serial_shops, shop,
          minmay_misc_feat_room
D:4:      kennysheep_big_flooded_room, layout_basic, amcnicky_altar_gilded

Skill      XL: |  1  2  3  4 |
---------------+-------------+-----
Poison Magic   | 4 5 |  5.4
Spellcasting   | 4 |  4.8
Transmutations | 2 |  2.5
Fighting       | |  0.1
Dodging        | |  2.7
Stealth        | |  2.7

Action                   |  1- 3 |  4- 6 || total
-------------------------+-------+-------++-------
Melee: Dagger            |    11 |       ||    11
       Short sword       |       |     1 ||     1
 Cast: Sting             |    80 |    71 ||   151
       Poisonous Vapours |     1 |     5 ||     6
  Use: Potion            |       |     4 ||     4
       Scroll            |       |     1 ||     1
 Stab: Distracted        |     1 |       ||     1
Armor: Robe              |     2 |     5 ||     7
Dodge: Dodged            |    13 |    23 ||    36
Block: Kite shield       |       |     6 ||     6

Table legend: (Time is in decaauts)
 A = Elapsed time spent in this place.
 B = Non-inter-level travel time spent in this place.
 C = Inter-level travel time spent in this place.
 D = Time resting spent in this place.
 E = Time spent auto-exploring this place.
 F = Levels seen in this place.
 G = Mean time per level.
                   A        B        C        D        E       F      G
               +--------+--------+--------+--------+--------+-----+--------+
         Total |   4232 |   4097 |    135 |      0 |   3532 |   4 | 1058.0 |
       Dungeon |   4232 |   4097 |    135 |      0 |   3532 |   4 | 1058.0 |
               +--------+--------+--------+--------+--------+-----+--------+

Top non-repeatable levels by time:
     D:1: 1404 daAuts
     D:3: 1332 daAuts
     D:2: 1323 daAuts
     D:4: 171 daAuts
